 Dungeon Crawl Stone Soup version 0.18.1-50-g88ac8fd (webtiles) character file.

8360 ringo67 the Arsonist (level 11, -8/64 HPs)
             Began as a Deep Elf Fire Elementalist on Nov 3, 2016.
             Was an Elder of Vehumet.
             Mangled by Snorg (22 damage)
             ... on level 10 of the Dungeon.
             The game lasted 01:13:41 (11574 turns).

ringo67 the Arsonist (Deep Elf Fire Elementalist)  Turns: 11574, Time: 01:13:44

Health: -8/64      AC:  5    Str:  8    XL:     11   Next: 8%
Magic:  6/25       EV: 17    Int: 24    God:    Vehumet [****..]
Gold:   560        SH:  0    Dex: 18    Spells: 4 memorised, 13 levels left

rFire  + + .     SeeInvis .     h - +9 hand axe of World's End {drain, rF+ MR+}
rCold  + . .     Gourm    .     C - +1 leather armour "Wousiuk" {rElec rC++ MR+ Dex+3}
rNeg   . . .     Faith    .     (no shield)
rPois  .         Spirit   .     (no helmet)
rElec  +         Dismiss  .     (no cloak)
rCorr  .         Reflect  .     B - +0 pair of gloves
SustAt .         Harm     .     (no boots)
MR     +++..                    (no amulet)
Stlth  ++........               Q - ring of fire
                                E - +3 ring of strength

@: extremely resistant to hostile enchantments, unstealthy
A: no striking features
a: Renounce Religion


You were on level 10 of the Dungeon.
You worshipped Vehumet.
Vehumet was greatly pleased with you.
You were not hungry.

You visited 2 branches of the dungeon, and saw 11 of its levels.

You collected 560 gold pieces.

Inventory:

Hand Weapons
 h - the +9 hand axe of World's End (weapon) {drain, rF+ MR+}
   (You found it on level 4 of the Dungeon)

   A truly terrible weapon, it drains the life of those it strikes.
   It protects you from fire.
   It affects your resistance to hostile enchantments.
 o - a +0 flail of holy wrath
 v - a +2 whip of venom
 V - a +2 dagger of freezing
Missiles
 e - 183 stones
 l - 48 sling bullets
 t - 6 poisoned javelins (quivered)
Armour
 y - a +0 robe
 B - a +0 pair of gloves (worn)
 C - the +1 leather armour "Wousiuk" (worn) {rElec rC++ MR+ Dex+3}
   (You found it on level 4 of the Dungeon)

   It affects your dexterity (+3).
   It greatly protects you from cold.
   It insulates you from electricity.
   It affects your resistance to hostile enchantments.
 S - a steam dragon hide
Jewellery
 E - a +3 ring of strength (left hand)
 Q - a ring of fire (right hand)
Wands
 i - a wand of confusion (15/48)
 I - a wand of slowing (24/48)
 L - a wand of iceblast (12/15)
 M - a wand of paralysis (20/24)
 O - a wand of enslavement (13/24)
 W - a wand of polymorph (16/24)
Scrolls
 a - a scroll of fog
 j - 5 scrolls of blinking
 k - a scroll of fear {unknown}
 m - 7 scrolls of remove curse
 p - 2 scrolls of immolation
 q - a scroll of teleportation {unknown}
 r - 5 scrolls of identify
 u - 6 scrolls of recharging
 F - a scroll of vulnerability {unknown}
 H - 3 scrolls of amnesia {unknown}
 J - a scroll of magic mapping {unknown}
 N - 2 scrolls of enchant weapon {unknown}
Potions
 d - 2 potions of flight {unknown}
 f - 5 potions of agility {unknown}
 g - 2 potions of berserk rage {unknown}
 n - a potion of might {unknown}
 w - 2 potions of haste {unknown}
 x - a potion of cure mutation {unknown}
 z - a potion of curing
 A - a potion of resistance {unknown}
 D - a potion of magic {unknown}
 P - a potion of brilliance {unknown}
 T - a potion of cancellation {unknown}
 U - 2 potions of heal wounds {unknown}
Books
 b - a book of Flames

   Spells                             Type                      Level
   a - Flame Tongue                   Conjuration/Fire             1
   b - Throw Flame                    Conjuration/Fire             2
   c - Conjure Flame                  Conjuration/Fire             3
   d - Inner Flame                    Hexes/Fire                   3
   e - Sticky Flame                   Conjuration/Fire             4
   f - Fireball                       Conjuration/Fire             5
 G - a book of Party Tricks

   Spells                             Type                      Level
   a - Summon Butterflies             Summoning                    1
   b - Apportation                    Translocation                1
   c - Tukima's Dance                 Hexes                        3
   d - Alistair's Intoxication        Transmutation/Poison         5
   e - Invisibility                   Hexes                        6
 K - a book of Callings

   Spells                             Type                      Level
   a - Summon Small Mammal            Summoning                    1
   b - Call Imp                       Summoning                    2
   c - Call Canine Familiar           Summoning                    3
   d - Summon Guardian Golem          Hexes/Summoning              3
   e - Summon Lightning Spire         Summoning/Air                4
   f - Summon Ice Beast               Ice/Summoning                4
Comestibles
 c - 12 bread rations
 s - 5 meat rations


   Skills:
 + Level 5.3 Fighting
 + Level 2.6 Armour
 + Level 7.7 Dodging
 - Level 2.4 Stealth
 - Level 8.0 Spellcasting
 + Level 10.3 Conjurations
 + Level 10.5 Fire Magic


You had 13 spell levels left.
You knew the following spells:

 Your Spells              Type           Power        Failure   Level  Hunger
a - Flame Tongue          Conj/Fire      #####        1%          1    None
b - Conjure Flame         Conj/Fire      ######..     1%          3    None
c - Sticky Flame          Conj/Fire      ######..     1%          4    ##.....
d - Fireball              Conj/Fire      ######....   1%          5    #####..


Dungeon Overview and Level Annotations

Branches:
Dungeon (10/15)            Temple (1/1) D:4            Lair (0/8) D:8
    Orc (0/2) D:10

Altars:
Ashenzari
Cheibriados
Dithmenos
Elyvilon
Fedhas
Gozag
Kikubaaqudgha
Makhleb
Nemelex Xobeh
Okawaru
Pakellas
Qazlal
Ru
Sif Muna
Trog
Vehumet
Xom
Yredelemnul
Zin
The Shining One
Beogh

Annotations:
D:5 criton's ghost, amateur DsGl
D:6 Sigmund
D:10 Snorg


Message History

Confirm with . or Enter, or press ? or * to list all spells.
Aiming: Sticky Flame
Press: ? - help, Shift-Dir - straight line, f/p - Snorg
Aim: Snorg (severely wounded, berserk, fast, unusually strong)
You feel a surge of power!
The sticky flame hits Snorg.
Snorg is severely wounded.
Snorg is covered in liquid flames!
Snorg burns!
Snorg closely misses you. Snorg completely misses you.
Snorg claws you but does no damage.
Casting: Sticky Flame
Confirm with . or Enter, or press ? or * to list all spells.
Aiming: Sticky Flame
Press: ? - help, Shift-Dir - straight line, f/p - Snorg
Aim: Snorg (severely wounded, berserk, fast, unusually strong, covered in liquid flames)
You feel a surge of power!
The sticky flame hits Snorg.
Snorg is almost dead.
Snorg is covered in liquid flames!
Snorg burns!
Snorg bites you! Snorg misses you. Snorg claws you!
* * * LOW HITPOINT WARNING * * *
Snorg bites you!!
You die...

#..# # #..# ##
### ###.###.
##.## ###.......
##...###
###...###...
#..#...#
###...### ###.
#..##..#
###...### ##
#.####.####...###
# .ยง..
#..T@..### .
...#.## ##...###
. #..#### #..###
. #..# #### #..
..


You could see Snorg (berserk).

Vanquished Creatures
  Nergalle (D:10)
  The ghost of taxman66 the Gusty, a novice HEAE of Sif Muna (D:7)
  A hill giant (D:9)
  2 centaur zombies (D:10)
  A komodo dragon (D:10)
  A spriggan (D:8)
  3 yaks (D:10)
  A wyvern (D:9)
  2 hippogriffs
  A steam dragon (D:9)
  2 hungry ghosts (D:8)
  2 water moccasins
  3 sky beasts
  2 ice beasts
  An orc warrior (D:9)
  2 black bears
  5 ogres
  3 phantoms
  5 centaurs
  A big kobold (D:9)
  6 giant frogs
  A wyvern skeleton (D:8)
  5 killer bees (D:7)
  9 wights (D:7)
  A howler monkey (D:5)
  4 crimson imps
  A quasit (D:7)
  A wasp zombie (D:8)
  A giant frog zombie (D:7)
  4 hounds
  7 orc priests
  2 jellies
  10 orc wizards
  A centaur skeleton (D:7)
  6 giant frog skeletons
  2 gnoll shamans (D:6)
  6 worker ants
  An iguana (D:4)
  A statue (D:4)
  A hound zombie (D:5)
  A worker ant zombie (D:6)
  7 gnolls (D:6)
  14 adders
  A shadow imp (D:8)
  3 oozes
  An adder skeleton (D:5)
  3 worms
  4 dart slugs
  4 giant geckos
  26 orcs
  3 ball pythons
  7 bats
  A giant cockroach (D:1)
  7 hobgoblins
  3 jackals
  2 quokkas
  A giant gecko zombie (D:6)
  6 giant newts
  5 goblins
  6 kobolds
  3 rats
  A butterfly (D:4)
219 creatures vanquished.

Vanquished Creatures (others)
  A hydra (D:7)
  A redback zombie (D:9)
  A water moccasin zombie (D:9)
  A giant frog skeleton (D:9)
  A shadow imp (D:5)
  An orc (D:9)
  4 kobolds (D:9)
10 creatures vanquished.

Grand Total: 229 creatures vanquished

Notes
Turn   | Place    | Note
--------------------------------------------------------------
     0 | D:1      | ringo67 the Deep Elf Fire Elementalist began the quest for the Orb.
     0 | D:1      | Reached XP level 1. HP: 10/10 MP: 6/6
   128 | D:1      | Reached XP level 2. HP: 15/15 MP: 2/8
   819 | D:1      | Reached XP level 3. HP: 19/19 MP: 5/10
  1593 | D:2      | Found an oddly glowing altar of Pakellas.
  1904 | D:2      | Reached XP level 4. HP: 24/24 MP: 9/12
  1952 | D:3      | Found a faded altar to an unknown god.
  2292 | D:3      | Reached XP level 5. HP: 15/28 MP: 1/13
  2736 | D:3      | Reached skill level 5 in Fire Magic
  3020 | D:4      | Got a shimmering leather armour
  3040 | D:4      | Found a staircase to the Ecumenical Temple.
  3062 | Temple   | Entered the Ecumenical Temple
  3293 | D:4      | Learned a level 3 spell: Conjure Flame
  3295 | D:4      | Found a sparkling altar of Nemelex Xobeh.
  3329 | D:4      | Identified the +1 leather armour "Wousiuk" {rElec rC++ MR+ Dex+3} (You found it on level 4 of the Dungeon)
  3434 | D:4      | Got a steaming hand axe
  3486 | D:4      | Identified the +9 hand axe of World's End {drain, rF+ MR+} (You found it on level 4 of the Dungeon)
  3544 | D:4      | Found a radiant altar of Vehumet.
  3544 | D:4      | Noticed a frost-covered statue
  3594 | D:4      | Reached XP level 6. HP: 24/32 MP: 9/14
  3690 | D:4      | Became a worshipper of Vehumet
  3827 | D:4      | Reached skill level 5 in Conjurations
  3928 | D:5      | Entered Level 5 of the Dungeon
  3961 | D:5      | Found a snail-covered altar of Cheibriados.
  4188 | D:5      | Reached XP level 7. HP: 31/36 MP: 9/15
  4505 | D:5      | Noticed criton's ghost (amateur DsGl)
  4764 | D:5      | Found a shattered altar of Ashenzari.
  5009 | D:6      | Found an oddly glowing altar of Pakellas.
  5084 | D:6      | Reached * piety under Vehumet
  5084 | D:6      | Offered knowledge of Sandblast by Vehumet.
  5225 | D:6      | Learned a level 4 spell: Sticky Flame
  5357 | D:6      | Found a bloodstained altar of Trog.
  5369 | D:6      | Reached XP level 8. HP: 41/41 MP: 5/16
  5577 | D:6      | Noticed Sigmund
  5667 | D:6      | Found an ancient bone altar of Kikubaaqudgha.
  6175 | D:7      | Reached skill level 1 in Fighting
  6246 | D:7      | Noticed taxman66's ghost (novice HEAE)
  6288 | D:7      | Reached skill level 5 in Spellcasting
  6383 | D:7      | Reached XP level 9. HP: 47/48 MP: 12/19
  6403 | D:7      | Found an oddly glowing altar of Pakellas.
  6414 | D:7      | Killed a seven-headed hydra
  6585 | D:7      | Reached ** piety under Vehumet
  6679 | D:7      | Offered knowledge of Throw Frost by Vehumet.
  7094 | D:7      | Killed taxman66's ghost
  7094 | D:7      | Reached skill level 5 in Dodging
  7818 | D:7      | Found an iron altar of Okawaru.
  8519 | D:8      | Reached XP level 10. HP: 56/56 MP: 19/22
  8591 | D:8      | Offered knowledge of Dazzling Spray by Vehumet.
  8708 | D:8      | Learned a level 5 spell: Fireball
  8753 | D:8      | Found a staircase to the Lair.
  9033 | D:8      | Reached *** piety under Vehumet
  9674 | D:9      | Offered knowledge of Ignite Poison by Vehumet.
 10001 | D:9      | Reached skill level 10 in Fire Magic
 10676 | D:10     | Entered Level 10 of the Dungeon
 10676 | D:10     | Noticed a hill giant
 10685 | D:9      | Killed a hill giant
 10685 | D:9      | Reached skill level 1 in Armour
 10795 | D:10     | Found a staircase to the Orcish Mines.
 10850 | D:10     | Reached skill level 10 in Conjurations
 10927 | D:10     | Noticed Nergalle
 10936 | D:10     | Killed Nergalle
 10936 | D:10     | Reached skill level 5 in Fighting
 10973 | D:10     | Reached **** piety under Vehumet
 10985 | D:10     | Reached XP level 11. HP: 31/63 MP: 11/25
 11214 | D:10     | Found a roughly hewn altar of Beogh.
 11217 | D:10     | Offered knowledge of Bolt of Draining by Vehumet.
 11556 | D:10     | Noticed Snorg
 11574 | D:10     | Mangled by Snorg

Skill      XL: |  1  2  3  4  5  6  7  8  9 10 |
---------------+-------------------------------+-----
Conjurations   | 2 3 4 5 7 8 9 10 | 10.3
Fire Magic     | 4 5 6 7 8 9 10 | 10.5
Spellcasting   | 4 5 7 8 |  8.0
Fighting       | 2 3 5 |  5.3
Dodging        | 3 5 7 |  7.7
Armour         | 2 |  2.6
Stealth        | |  2.4

Action                   |  1- 3 |  4- 6 |  7- 9 | 10-12 || total
-------------------------+-------+-------+-------+-------++-------
Melee: Whip              |    10 |     3 |       |       ||    13
       Hand axe          |       |    20 |    68 |    36 ||   124
Throw: Stone             |     8 |       |       |       ||     8
       Javelin           |     3 |     2 |     5 |     4 ||    14
 Cast: Flame Tongue      |    69 |    73 |   207 |   146 ||   495
       Sticky Flame      |       |       |    22 |    39 ||    61
       Conjure Flame     |       |       |     2 |     2 ||     4
       Fireball          |       |       |       |    10 ||    10
  Use: Scroll            |       |     3 |     3 |     2 ||     8
       Potion            |       |       |     1 |       ||     1
  Eat: Chunk             |     3 |     7 |    12 |     5 ||    27
       Pizza             |       |       |     2 |     1 ||     3
       Meat ration       |       |       |       |     2 ||     2
Armor: Robe              |     5 |     3 |       |       ||     8
       Leather armour    |       |     6 |    34 |    20 ||    60
Dodge: Dodged            |    31 |    34 |   107 |    81 ||   253
